 Dungeon Crawl Stone Soup version 0.23.0 (webtiles) character file.

Game seed: 9767240806194384044

2247 Borgoz the Skirmisher (level 9, -3/56 HPs)
             Began as a Gargoyle Gladiator on Feb 9, 2019.
             Was a Follower of Ashenzari.
             Slain by an orc warrior
             ... wielding a +2 dire flail of draining
              (19 damage)
             ... on level 7 of the Dungeon.
             The game lasted 00:11:56 (6948 turns).

Borgoz the Skirmisher (Gargoyle Gladiator)          Turns: 6948, Time: 00:11:57

Health: -3/56      AC: 14    Str: 18    XL:     9   Next: 37%
Magic:  9/9        EV: 15    Int:  9    God:    Ashenzari [*.....]
Gold:   388        SH:  0    Dex: 14    Spells: 8/8 levels left

rFire    . . .     SeeInvis .   m - +3 hand axe
rCold    . . .     Gourm    .   (no shield)
rNeg     + . .     Faith    .   b - +0 leather armour
rPois    ∞         Spirit   .   c - +0 helmet
rElec    +         Reflect  .   (no cloak)
rCorr    +         Harm     .   h - +2 pair of gloves
MR       .....                  (no boots)
Stlth    +.........             (no amulet)
HPRegen  0.18/turn              j - ring of resist corrosion
MPRegen  0.11/turn              (no ring)

@: hasted, very quick
A: negative energy resistance 1, electricity resistance, unbreathing,
petrification resistance, rot immunity, AC +6
a: Curse Item, Scrying, Renounce Religion


You were on level 7 of the Dungeon.
You worshipped Ashenzari.
Ashenzari was aware of your devotion.
You were hungry.

You visited 2 branches of the dungeon, and saw 8 of its levels.

You collected 388 gold pieces.

Inventory:

Hand Weapons
 m - a +3 hand axe (weapon)
 s - a +0 whip of pain
Missiles
 d - 3 throwing nets (quivered)
 v - 26 poisoned needles
Armour
 b - a +0 leather armour (worn)
 c - a +0 helmet (worn)
 h - a +2 pair of gloves (worn)
Jewellery
 e - an uncursed ring of fire
 j - a ring of resist corrosion (left hand)
Wands
 u - a wand of paralysis (7)
 x - a wand of digging (6)
Scrolls
 a - 5 scrolls of identify
 i - 4 scrolls of teleportation
 k - a scroll of fog {unknown}
 l - a scroll of noise {unknown}
 o - 2 scrolls of remove curse
 p - 3 scrolls of immolation {unknown}
 t - a scroll of enchant armour {unknown}
 w - a scroll of amnesia {unknown}
 y - a scroll of fear {unknown}
Potions
 n - 2 potions of haste
 q - 2 potions of curing {unknown}
 r - a potion of mutation {unknown}
 z - a potion of invisibility {unknown}
Comestibles
 f - 18 rations


   Skills:
 + Level 6.9 Fighting
 + Level 4.2(5.1) Axes
 - Level 4.6(5.6) Maces & Flails
 - Level 1.7 Throwing
 + Level 6.5 Armour
 + Level 5.6 Dodging


You had 8 spell levels left.
You didn't know any spells.
Your spell library contained the following spells:

 Spells                   Type           Power        Failure   Level  Hunger
 Animate Skeleton         Necr           N/A          43%         1    ##.....
 Apportation              Tloc           #.....       43%         1    ##.....
 Confusing Touch          Hex            #.....       43%         1    ##.....
 Summon Small Mammal      Summ           #...         43%         1    ##.....


Dungeon Overview and Level Annotations

Branches:
Dungeon (7/15)             Temple (1/1) D:4

Altars:
Ashenzari
Cheibriados
Elyvilon
Fedhas
Gozag
Hepliaklqana
Kikubaaqudgha
Makhleb
Nemelex Xobeh
Okawaru
Qazlal
Ru
Trog
Uskayaw
Vehumet
Wu Jian
Xom
Yredelemnul
The Shining One


Innate Abilities, Weirdness & Mutations

You are resistant to torment.
Your stone body is resilient. (AC +6)
You are immune to poison.
You resist negative energy. (rN+)
You are resistant to electric shocks. (rElec)
You can survive without breathing.
You are immune to petrification.
You are immune to rotting.


Message History

You hit the orc.
You kill the orc!
The orc warrior hits you with a +2 dire flail of draining.
You closely miss the orc warrior.
The orc warrior is heavily wounded.
You hit the orc priest. The orc priest barely misses you.
The orc warrior hits you with a +2 dire flail of draining!
An ogre comes into view. It is wielding a +0 giant club.
You hit the orc warrior.
The orc warrior is severely wounded.
You hit the orc priest.
The orc priest invokes the aid of Beogh against you.
Beogh smites you!
The orc warrior hits you but does no damage.
You are too injured to fight recklessly!
It was a potion of haste.
You feel yourself speed up.
The orc priest hits you with a +0 hand axe.
* * * LOW HITPOINT WARNING * * *
The orc warrior hits you with a +2 dire flail of draining!!
You die...

##....#####..## ###
##...##..##..##
##...#####...##
#............#
.............###
...............##
##..............#
##.......)....#.###
##...........###@o#
#..........###
##oo.....
..#......###
O...... .##...####
....... #######
....... ......>
....... (......


You could see an orc warrior, an ogre, an orc priest and an orc.

Vanquished Creatures
  The ghost of Tramtrist the Covered, an amateur DDFi (D:4)
  An orc warrior (D:6)
  An ice beast (D:5)
  A sky beast (D:6)
  3 ogres
  4 phantoms
  A centaur (D:6)
  A big kobold (D:7)
  3 scorpions
  2 crimson imps (D:5)
  A quasit (D:5)
  3 hounds
  2 jellies
  3 orc wizards
  2 bullfrog skeletons
  An orc priest (D:4)
  A centaur skeleton (D:7)
  5 worker ants
  Ijyb (D:5)
  2 killer bee zombies
  A worker ant zombie (D:5)
  4 gnolls (D:3)
  9 adders
  2 oozes
  3 adder skeletons (D:4)
  2 worms
  4 dart slugs
  6 leopard geckos
  19 orcs
  8 giant cockroaches
  16 hobgoblins
  4 jackals
  15 kobolds
  5 quokkas
  3 ball pythons
  8 bats
  5 frilled lizards
  6 goblins (D:2)
  A jackal skeleton (D:5)
  3 rats
163 creatures vanquished.

Notes
Turn   | Place    | Note
-------+----------+-------------------------------------------
     0 | D:1      | Borgoz the Gargoyle Gladiator began the quest for the Orb.
     0 | D:1      | Reached XP level 1. HP: 12/12 MP: 1/1
   185 | D:1      | Reached XP level 2. HP: 11/18 MP: 2/2
   547 | D:1      | Reached skill level 1 in Armour
   775 | D:2      | Noticed a phantom
   811 | D:2      | Killed a phantom
   811 | D:2      | Reached XP level 3. HP: 4/23 MP: 3/3
   811 | D:2      | Reached XP level 4. HP: 6/28 MP: 4/4
  1100 | D:2      | Reached XP level 5. HP: 32/32 MP: 5/5
  2024 | D:3      | Noticed a phantom
  2046 | D:3      | Killed a phantom
  2046 | D:3      | Reached XP level 6. HP: 30/38 MP: 6/6
  2693 | D:4      | Found a runed translucent door.
  3169 | D:4      | Reached XP level 7. HP: 44/44 MP: 7/7
  3291 | D:4      | Found a staircase to the Ecumenical Temple.
  3309 | Temple   | Entered the Ecumenical Temple
  3504 | Temple   | Became a worshipper of Ashenzari the Shackled
  3863 | D:4      | Noticed Tramtrist's ghost (amateur DDFi)
  3894 | D:4      | HP: 1/66 [Tramtrist's ghost (4)]
  3898 | D:4      | Killed Tramtrist's ghost
  3898 | D:4      | Reached skill level 1 in Axes
  4255 | D:5      | Entered Level 5 of the Dungeon
  4332 | D:5      | Reached skill level 5 in Fighting
  4373 | D:5      | Reached XP level 8. HP: 4/49 MP: 8/8
  4835 | D:5      | Reached skill level 5 in Armour
  5079 | D:5      | Noticed Ijyb
  5088 | D:5      | Killed Ijyb
  5411 | D:6      | Reached skill level 5 in Dodging
  5465 | D:6      | Found a blossoming altar of Fedhas.
  5865 | D:6      | Found a basalt altar of Yredelemnul.
  5978 | D:6      | Reached XP level 9. HP: 12/56 MP: 9/9
  6660 | D:7      | Reached * piety under Ashenzari
  6948 | D:7      | Slain by an orc warrior

Skill      XL: |  1  2  3  4  5  6  7  8  9 |
---------------+----------------------------+-----
Armour         | 2 3 4 5 6 |  6.5
Fighting       | 3 4 5 6 |  6.9
Dodging        | 3 4 5 |  5.6
Maces & Flails | 4 |  4.6
Axes           | 2 3 4 |  4.2
Throwing       | |  1.7

Action                   |  1- 3 |  4- 6 |  7- 9 || total
-------------------------+-------+-------+-------++-------
Melee: Flail             |    75 |   194 |       ||   269
       Whip              |       |   116 |    10 ||   126
       Hand axe          |       |       |   417 ||   417
  Use: Potion            |     2 |       |     6 ||     8
       Scroll            |       |     5 |       ||     5
 Stab: Sleeping          |       |     1 |     1 ||     2
  Eat: Chunk             |       |     8 |    12 ||    20
Armor: Leather armour    |    30 |   122 |   172 ||   324
       Skin              |     8 |       |    17 ||    25
Dodge: Dodged            |    55 |   232 |   312 ||   599
